| TOP OF THE 1ST |
|
Aberdeen Pheasants batting - Pitching for St. Cloud Rox : LHP William Eason
|
|
Pitching: LHP William Eason
|
|
|
Batting: RHB Alejandro Luna
|
0-0: Called Strike 0-1: Ground out 1-3 (Groundball, 13, EV 66.3 MPH)
|
|
Batting: SHB Stephen Moore
|
0-0: Ball 1-0: Called Strike 1-1: Called Strike 1-2: Ball 2-2: SINGLE (Groundball, 56S, EV 66.3 MPH) (infield hit)
|
|
Batting: LHB Bob Porter
|
0-0: Ball 1-0: Grounds into double play, 6-4-3 (Groundball, 6, EV 87.5 MPH)
|
| Top of the 1st over - 0 runs, 1 hit, 0 errors, 0 left on base; Aberdeen 0 - St. Cloud 0 |
| BOTTOM OF THE 1ST |
|
St. Cloud Rox batting - Pitching for Aberdeen Pheasants : RHP Mark Knudson
|
|
Pitching: RHP Mark Knudson
|
|
|
Batting: LHB Doran Perdue
|
0-0: Called Strike 0-1: Ball 1-1: Ball 2-1: Ball 3-1: Swinging Strike 3-2: Base on Balls
|
|
Batting: RHB Ron Gardenhire
|
0-0: Ball 1-0: Called Strike 1-1: Grounds into double play, 6-4-3 (Groundball, 6, EV 86.9 MPH)
|
|
Batting: SHB R J Reynolds
|
0-0: Ball 1-0: Foul Ball, location: 2F 1-1: Ground out 5-3 (Groundball, 56S, EV 86.9 MPH)
|
| Bottom of the 1st over - 0 runs, 0 hits, 0 errors, 0 left on base; Aberdeen 0 - St. Cloud 0 |
| TOP OF THE 2ND |
|
Aberdeen Pheasants batting - Pitching for St. Cloud Rox : LHP William Eason
|
|
Batting: RHB Harry McCulla
|
0-0: Swinging Strike 0-1: Ball 1-1: Foul Ball, location: 2F 1-2: Ball 2-2: Fly out, F4 (Popup, 23, EV 90.0 MPH)
|
|
Batting: LHB Sergio Leija
|
0-0: Foul Ball, location: 2F 0-1: Fly out, F7 (Flyball, 78S, EV 83.8 MPH)
|
|
Batting: RHB Greg Howe
|
0-0: Foul Ball, location: 2F 0-1: SINGLE (Line Drive, 8RS, EV 103.8 MPH)
|
|
Batting: RHB Pedro Chavez
|
0-0: Ball 1-0: Ball 2-0: Foul Ball, location: 2F 2-1: Foul Ball, location: 2F 2-2: Ground out 1-3 (Groundball, 13S, EV 70.6 MPH)
|
| Top of the 2nd over - 0 runs, 1 hit, 0 errors, 1 left on base; Aberdeen 0 - St. Cloud 0 |
| BOTTOM OF THE 2ND |
|
St. Cloud Rox batting - Pitching for Aberdeen Pheasants : RHP Mark Knudson
|
|
Batting: LHB Curtis Morgan
|
0-0: Called Strike 0-1: Ball 1-1: SINGLE (Line Drive, 6D, EV 95.0 MPH)
|
|
Batting: RHB Domingos Maravilhas
|
0-0: Ball 1-0: Foul Ball, location: 2F 1-1: Called Strike 1-2: Ball 2-2: Fly out, F7 (Line Drive, 7D, EV 92.5 MPH)
|
|
Batting: RHB Douglas Morganti
|
0-0: Ball 1-0: Ball 2-0: Reached on error, E6 (Groundball, 6, EV 83.1 MPH) Curtis Morgan to second
|
|
Batting: SHB Manny Galvez
|
0-0: Foul Ball, location: 2F 0-1: Ball 1-1: Called Strike 1-2: Foul Ball, location: 2F 1-2: Ball 2-2: Foul Ball, location: 2F 2-2: Fielders Choice at 2nd, 5-4 (Groundball, 56, EV 80.0 MPH) Curtis Morgan to third
|
|
Batting: RHB Butch Benton
|
0-0: Ball 1-0: Ground out 5-3 (Groundball, 56, EV 100.0 MPH)
|
| Bottom of the 2nd over - 0 runs, 1 hit, 1 error, 2 left on base; Aberdeen 0 - St. Cloud 0 |
| TOP OF THE 3RD |
|
Aberdeen Pheasants batting - Pitching for St. Cloud Rox : LHP William Eason
|
|
Batting: RHB Mike R Fitzgerald
|
0-0: Ground out 6-3 (Groundball, 56, EV 105.0 MPH)
|
|
Batting: RHB Armando Ramirez
|
0-0: Ball 1-0: Foul Ball, location: 2F 1-1: Ball 2-1: Swinging Strike 2-2: Foul Ball, location: 2F 2-2: Strikes out looking
|
|
Batting: RHB Alejandro Luna
|
0-0: Ball 1-0: Fly out, F7 (Flyball, 7LD, EV 88.8 MPH)
|
| Top of the 3rd over - 0 runs, 0 hits, 0 errors, 0 left on base; Aberdeen 0 - St. Cloud 0 |
| BOTTOM OF THE 3RD |
|
St. Cloud Rox batting - Pitching for Aberdeen Pheasants : RHP Mark Knudson
|
|
Batting: RHB Rich Velasquez
|
0-0: Foul Ball, location: 2F 0-1: Swinging Strike 0-2: Ball 1-2: Strikes out swinging
|
|
Batting: LHB Doran Perdue
|
0-0: Called Strike 0-1: Ball 1-1: Foul Ball, location: 2F 1-2: Ball 2-2: Ball 3-2: Ground out 6-3 (Groundball, 6, EV 105.6 MPH)
|
|
Batting: RHB Ron Gardenhire
|
0-0: Ground out 5-3 (Groundball, 5S, EV 85.6 MPH)
|
| Bottom of the 3rd over - 0 runs, 0 hits, 0 errors, 0 left on base; Aberdeen 0 - St. Cloud 0 |
| TOP OF THE 4TH |
|
Aberdeen Pheasants batting - Pitching for St. Cloud Rox : LHP William Eason
|
|
Batting: SHB Stephen Moore
|
0-0: Ball 1-0: Called Strike 1-1: Ball 2-1: Ball 3-1: Foul Ball, location: 2F 3-2: Fly out, F2 (Popup, 15S, EV 85.6 MPH)
|
|
Batting: LHB Bob Porter
|
0-0: Called Strike 0-1: Ball 1-1: Called Strike 1-2: Strikes out looking
|
|
Batting: RHB Harry McCulla
|
0-0: SOLO HOME RUN (Flyball, 9D, EV 100.6 MPH), Distance : 361 ft
|
|
Batting: LHB Sergio Leija
|
0-0: Ball 1-0: Ground out 1-3 (Groundball, 34S, EV 62.5 MPH)
|
| Top of the 4th over - 1 run, 1 hit, 0 errors, 0 left on base; Aberdeen 1 - St. Cloud 0 |
| BOTTOM OF THE 4TH |
|
St. Cloud Rox batting - Pitching for Aberdeen Pheasants : RHP Mark Knudson
|
|
Batting: SHB R J Reynolds
|
0-0: Called Strike 0-1: Ball 1-1: Ball 2-1: Fly out, F8 (Line Drive, 8LD, EV 93.8 MPH)
|
|
Batting: LHB Curtis Morgan
|
0-0: Swinging Strike 0-1: Called Strike 0-2: Ball 1-2: Ball 2-2: Ground out 4-3 (Groundball, 4D, EV 88.8 MPH)
|
|
Batting: RHB Domingos Maravilhas
|
0-0: Called Strike 0-1: Ball 1-1: Ball 2-1: Foul Ball, location: 2F 2-2: Ball 3-2: Foul Ball, location: 2F 3-2: Foul Ball, location: 2F 3-2: Base on Balls
|
|
Batting: RHB Douglas Morganti
|
0-0: Ball Passed Ball! Domingos Maravilhas to second 1-0: Ball 2-0: Called Strike 2-1: Called Strike 2-2: Ball 3-2: Foul Ball, location: 2F 3-2: DOUBLE (Flyball, 5D, EV 98.1 MPH) Domingos Maravilhas scores
|
|
Batting: SHB Manny Galvez
|
0-0: Ball 1-0: Swinging Strike 1-1: Ball 2-1: Fly out, F9 (Flyball, 9LS, EV 95.6 MPH)
|
| Bottom of the 4th over - 1 run, 1 hit, 0 errors, 1 left on base; Aberdeen 1 - St. Cloud 1 |
| TOP OF THE 5TH |
|
Aberdeen Pheasants batting - Pitching for St. Cloud Rox : LHP William Eason
|
|
Batting: RHB Greg Howe
|
0-0: Called Strike 0-1: Ball 1-1: Ball 2-1: SINGLE (Line Drive, 89S, EV 90.0 MPH)
|
|
Batting: RHB Pedro Chavez
|
0-0: Bunt missed! 0-1: Ball 1-1: Sac Bunt to 5S - play at first, batter OUT! 5-4 Greg Howe to second
|
|
Batting: RHB Mike R Fitzgerald
|
0-0: Ball Greg Howe steals 3rd base 1-0: Ball 2-0: Foul Ball, location: 2F 2-1: Swinging Strike 2-2: Ball 3-2: Base on Balls
|
|
Batting: RHB Armando Ramirez
|
0-0: Called Strike 0-1: Ball 1-1: Ball 2-1: SINGLE (Line Drive, 34D, EV 100.0 MPH) Greg Howe scores Mike R Fitzgerald to second
|
|
Batting: RHB Alejandro Luna
|
0-0: Called Strike 0-1: Grounds into double play, 5-4-3 (Groundball, 56D, EV 100.6 MPH)
|
| Top of the 5th over - 1 run, 2 hits, 0 errors, 1 left on base; Aberdeen 2 - St. Cloud 1 |
| BOTTOM OF THE 5TH |
|
St. Cloud Rox batting - Pitching for Aberdeen Pheasants : RHP Mark Knudson
|
|
Batting: RHB Butch Benton
|
0-0: Ball 1-0: Fly out, F9 (Flyball, 89D, EV 83.1 MPH)
|
|
Batting: RHB Rich Velasquez
|
0-0: Ball 1-0: DOUBLE (Flyball, 78XD, EV 106.3 MPH)
|
|
Batting: LHB Doran Perdue
|
0-0: Called Strike 0-1: Ground out 4-3 (Groundball, 4, EV 86.3 MPH) Rich Velasquez to third
|
|
Batting: RHB Ron Gardenhire
|
0-0: Fly out, F4 (Flyball, 34D, EV 84.4 MPH)
|
| Bottom of the 5th over - 0 runs, 1 hit, 0 errors, 1 left on base; Aberdeen 2 - St. Cloud 1 |
| TOP OF THE 6TH |
|
Aberdeen Pheasants batting - Pitching for St. Cloud Rox : LHP William Eason
|
|
Batting: SHB Stephen Moore
|
0-0: Foul Ball, location: 2F 0-1: Ground out 6-3 (Groundball, 6, EV 106.3 MPH)
|
|
Batting: LHB Bob Porter
|
0-0: Ball 1-0: Ground out 4-3 (Groundball, 4M, EV 90.0 MPH)
|
|
Batting: RHB Harry McCulla
|
0-0: Ball 1-0: Called Strike 1-1: Fly out, F7 (Line Drive, 7, EV 98.1 MPH)
|
| Top of the 6th over - 0 runs, 0 hits, 0 errors, 0 left on base; Aberdeen 2 - St. Cloud 1 |
| BOTTOM OF THE 6TH |
|
St. Cloud Rox batting - Pitching for Aberdeen Pheasants : RHP Mark Knudson
|
|
Batting: SHB R J Reynolds
|
0-0: Ball 1-0: Ground out 6-3 (Groundball, 6M, EV 86.3 MPH)
|
|
Batting: LHB Curtis Morgan
|
0-0: Ball 1-0: Foul Ball, location: 2F 1-1: Foul Ball, location: 2F 1-2: Ball 2-2: Ball 3-2: DOUBLE (Line Drive, 8LXD, EV 108.1 MPH)
|
|
Batting: RHB Domingos Maravilhas
|
0-0: Ball 1-0: Ball 2-0: Ball 3-0: Called Strike 3-1: Foul Ball, location: 2F 3-2: Base on Balls
|
|
Batting: RHB Douglas Morganti
|
0-0: Ball 1-0: Ball 2-0: Ball 3-0: Base on Balls Curtis Morgan to third Domingos Maravilhas to second
|
|
Batting: SHB Manny Galvez
|
0-0: Ball 1-0: Ball 2-0: SINGLE (Groundball, 34D, EV 96.3 MPH) Curtis Morgan scores Domingos Maravilhas to third Douglas Morganti to second Runner from 3rd tries for Home, throw by RF and OUT! 9-2 Douglas Morganti to third Manny Galvez to second
|
|
Batting: RHB Butch Benton
|
0-0: Ground out 3-1 (Groundball, 34, EV 103.1 MPH)
|
| Bottom of the 6th over - 1 run, 2 hits, 0 errors, 2 left on base; Aberdeen 2 - St. Cloud 2 |
| TOP OF THE 7TH |
|
Aberdeen Pheasants batting - Pitching for St. Cloud Rox : LHP William Eason
|
|
Batting: LHB Sergio Leija
|
0-0: Ball 1-0: Foul Ball, location: 2F 1-1: Ball 2-1: SINGLE (Line Drive, 4MD, EV 100.6 MPH)
|
|
Batting: RHB Greg Howe
|
0-0: Sac Bunt to 2R - play at first, batter OUT! 2-4 Sergio Leija to second
|
|
Batting: RHB Pedro Chavez
|
0-0: Called Strike 0-1: Foul Ball, location: 2F 0-2: Foul Ball, location: 2F 0-2: Ball 1-2: Foul Ball, location: 2F 1-2: Foul Ball, location: 2F 1-2: SINGLE (Groundball, 25, EV 67.5 MPH) (infield hit) Sergio Leija to third
|
|
Batting: RHB Mike R Fitzgerald
|
0-0: Ball 1-0: Called Strike 1-1: DOUBLE (Flyball, 9LD, EV 105.0 MPH) Sergio Leija scores Pedro Chavez to third Runner from 3rd tries for Home, SAFE, throw by RF to trailing runner, SAFE at third!
|
|
Batting: RHB Armando Ramirez
|
0-0: Ball 1-0: Ball 2-0: Foul Ball, location: 2F 2-1: Fly out, F8 (Line Drive, 8RM, EV 96.9 MPH) Runner from 3rd tags up, OUT at HOME! 8-2
|
| Top of the 7th over - 2 runs, 3 hits, 0 errors, 0 left on base; Aberdeen 4 - St. Cloud 2 |
| BOTTOM OF THE 7TH |
|
St. Cloud Rox batting - Pitching for Aberdeen Pheasants : RHP Mark Knudson
|
|
Batting: RHB Rich Velasquez
|
0-0: Ball 1-0: SINGLE (Groundball, 6MD, EV 101.3 MPH)
|
|
Batting: LHB Doran Perdue
|
0-0: Fly out, F8 (Flyball, 78D, EV 92.5 MPH)
|
|
Batting: RHB Ron Gardenhire
|
0-0: Called Strike Rich Velasquez is caught stealing 2nd base 2-4 0-1: Called Strike 0-2: SINGLE (Line Drive, 3D, EV 94.4 MPH)
|
|
Batting: SHB R J Reynolds
|
0-0: Ball 1-0: Ball Passed Ball! Ron Gardenhire to second 2-0: SINGLE (Line Drive, 8RS, EV 96.3 MPH) Ron Gardenhire to third Runner from 3rd tries for Home, SAFE, throw by CF to home
|
|
Batting: LHB Curtis Morgan
|
0-0: Ball 1-0: Fielders Choice at 2nd, 6-4 (Groundball, 6, EV 105.6 MPH)
|
| Bottom of the 7th over - 1 run, 3 hits, 0 errors, 1 left on base; Aberdeen 4 - St. Cloud 3 |
| TOP OF THE 8TH |
|
Aberdeen Pheasants batting - Pitching for St. Cloud Rox : LHP William Eason
|
|
Batting: RHB Alejandro Luna
|
0-0: Ball 1-0: Ball 2-0: Called Strike 2-1: Called Strike 2-2: Strikes out swinging
|
|
Batting: SHB Stephen Moore
|
0-0: Fly out, F9 (Flyball, 9D, EV 83.1 MPH)
|
|
Batting: LHB Bob Porter
|
0-0: Ball 1-0: Foul Ball, location: 2F 1-1: Called Strike 1-2: Strikes out swinging
|
| Top of the 8th over - 0 runs, 0 hits, 0 errors, 0 left on base; Aberdeen 4 - St. Cloud 3 |
| BOTTOM OF THE 8TH |
|
St. Cloud Rox batting - Pitching for Aberdeen Pheasants : RHP Mark Knudson
|
|
Now in CF: Rick Leach
|
|
|
Batting: RHB Domingos Maravilhas
|
0-0: Ball 1-0: SINGLE (Line Drive, 78D, EV 101.9 MPH)
|
|
Pinch Hitting: LHB Tim Flannery
|
0-0: Called Strike 0-1: Foul Ball, location: 2F 0-2: Ball 1-2: Grounds into double play, 4-6-3 (Groundball, 4, EV 103.1 MPH)
|
|
Batting: SHB Manny Galvez
|
0-0: Called Strike 0-1: Foul Ball, location: 2F 0-2: Fly out, F9 (Flyball, 9, EV 88.1 MPH)
|
| Bottom of the 8th over - 0 runs, 1 hit, 0 errors, 0 left on base; Aberdeen 4 - St. Cloud 3 |
| TOP OF THE 9TH |
|
Aberdeen Pheasants batting - Pitching for St. Cloud Rox : LHP William Eason
|
|
Pitching: RHP Lawrence Crews
|
|
|
Now at 3B: Tim Flannery
|
|
|
Batting: RHB Harry McCulla
|
0-0: Called Strike 0-1: Ball 1-1: Ball 2-1: Ground out 4-3 (Groundball, 4, EV 87.5 MPH)
|
|
Batting: LHB Sergio Leija
|
0-0: Called Strike 0-1: SINGLE (Line Drive, 89M, EV 96.9 MPH)
|
|
Batting: RHB Greg Howe
|
0-0: Called Strike 0-1: Called Strike 0-2: Strikes out swinging
|
|
Batting: RHB Pedro Chavez
|
0-0: Called Strike Sergio Leija steals 2nd base 0-1: SINGLE (Groundball, 23, EV 82.5 MPH) (infield hit) Sergio Leija to third
|
|
Batting: RHB Mike R Fitzgerald
|
0-0: Fly out, F3 (Popup, 3L, EV 67.5 MPH)
|
| Top of the 9th over - 0 runs, 2 hits, 0 errors, 2 left on base; Aberdeen 4 - St. Cloud 3 |
| BOTTOM OF THE 9TH |
|
St. Cloud Rox batting - Pitching for Aberdeen Pheasants : RHP Mark Knudson
|
|
Pitching: LHP Juan Contreras
|
|
|
Pinch Hitting: RHB Ron Gooch
|
0-0: Ball 1-0: Ball 2-0: Ball 3-0: Foul Ball, location: 2F 3-1: Foul Ball, location: 2F 3-2: DOUBLE (Line Drive, 3D, EV 102.5 MPH)
|
|
Batting: RHB Rich Velasquez
|
0-0: Foul Ball, location: 2F 0-1: Foul Ball, location: 2F 0-2: Ball 1-2: Foul Ball, location: 2F 1-2: SINGLE (Line Drive, 4D, EV 104.4 MPH) Ron Gooch to third Runner from 3rd tries for Home, SAFE, throw by RF to home Rich Velasquez to second
|
|
Batting: LHB Doran Perdue
|
0-0: Foul Ball, location: 2F 0-1: Ball 1-1: Ball 2-1: Swinging Strike 2-2: Fly out, F9 (Flyball, 89M, EV 91.3 MPH)
|
|
Batting: RHB Ron Gardenhire
|
0-0: Foul Ball, location: 2F 0-1: Called Strike 0-2: Foul Ball, location: 2F 0-2: Ball 1-2: Ball 2-2: Strikes out looking
|
|
Batting: SHB R J Reynolds
|
0-0: Intentional Walk
|
|
Batting: LHB Curtis Morgan
|
0-0: Called Strike 0-1: Ball 1-1: Foul Ball, location: 2F 1-2: Ball 2-2: Strikes out swinging
|
| Bottom of the 9th over - 1 run, 2 hits, 0 errors, 2 left on base; Aberdeen 4 - St. Cloud 4 |
| TOP OF THE 10TH |
|
Aberdeen Pheasants batting - Pitching for St. Cloud Rox : RHP Lawrence Crews
|
|
Pitching: RHP Mitch Zwolensky
|
|
|
Now at C: Jack Hudson
|
|
|
Batting: RHB Armando Ramirez
|
0-0: Swinging Strike 0-1: Swinging Strike 0-2: Foul Ball, location: 2F 0-2: Foul Ball, location: 2F 0-2: Strikes out swinging
|
|
Batting: RHB Alejandro Luna
|
0-0: Ball 1-0: Swinging Strike 1-1: Reached on error, E5 (Groundball, 5, EV 101.9 MPH)
|
|
Batting: SHB Stephen Moore
|
0-0: Ball 1-0: Called Strike 1-1: Fly out, F9 (Flyball, 89S, EV 80.0 MPH)
|
|
Batting: LHB Rick Leach
|
0-0: Swinging Strike 0-1: Foul Ball, location: 2F 0-2: Strikes out swinging
|
| Top of the 10th over - 0 runs, 0 hits, 1 error, 1 left on base; Aberdeen 4 - St. Cloud 4 |
| BOTTOM OF THE 10TH |
|
St. Cloud Rox batting - Pitching for Aberdeen Pheasants : LHP Juan Contreras
|
|
Pitching: RHP John Altman
|
|
|
Batting: RHB Domingos Maravilhas
|
0-0: Called Strike 0-1: Called Strike 0-2: Strikes out looking
|
|
Batting: LHB Tim Flannery
|
0-0: Called Strike 0-1: Ball 1-1: Swinging Strike 1-2: Ball 2-2: Ball 3-2: Ground out 6-3 (Groundball, 6, EV 85.6 MPH)
|
|
Batting: SHB Manny Galvez
|
0-0: Fly out, F3 (Popup, 3F, EV 70.6 MPH)
|
| Bottom of the 10th over - 0 runs, 0 hits, 0 errors, 0 left on base; Aberdeen 4 - St. Cloud 4 |
| TOP OF THE 11TH |
|
Aberdeen Pheasants batting - Pitching for St. Cloud Rox : RHP Mitch Zwolensky
|
|
Batting: RHB Harry McCulla
|
0-0: Ball 1-0: Ball 2-0: Ball 3-0: Base on Balls
|
|
Batting: LHB Sergio Leija
|
0-0: Ball 1-0: SINGLE (Line Drive, 78S, EV 104.4 MPH) Harry McCulla to second
|
|
Batting: RHB Greg Howe
|
0-0: Bunted foul 0-1: Bunted foul 0-2: Strikes out swinging
|
|
Pitching: LHP Gibson Alba
|
|
|
Batting: RHB Pedro Chavez
|
0-0: Called Strike 0-1: Ball 1-1: Fly out, F8 (Flyball, 89D, EV 87.5 MPH) Runner from 2nd tags up, SAFE at 3rd, no throw by CF
|
|
Batting: RHB Mike R Fitzgerald
|
0-0: Fielders Choice at 2nd, 6-4 (Groundball, 6, EV 106.9 MPH)
|
| Top of the 11th over - 0 runs, 1 hit, 0 errors, 2 left on base; Aberdeen 4 - St. Cloud 4 |
| BOTTOM OF THE 11TH |
|
St. Cloud Rox batting - Pitching for Aberdeen Pheasants : RHP John Altman
|
|
Batting: RHB Jack Hudson
|
0-0: Called Strike 0-1: Foul Ball, location: 2F 0-2: Ball 1-2: Fly out, F8 (Flyball, 8RS, EV 82.5 MPH)
|
|
Batting: RHB Rich Velasquez
|
0-0: Ball 1-0: Ball 2-0: Foul Ball, location: 2F 2-1: Fly out, F9 (Flyball, 9D, EV 80.6 MPH)
|
|
Batting: LHB Doran Perdue
|
0-0: Called Strike 0-1: Called Strike 0-2: Ball 1-2: Foul Ball, location: 2F 1-2: Ball 2-2: Ball 3-2: Fly out, F9 (Flyball, 9LM, EV 73.8 MPH)
|
| Bottom of the 11th over - 0 runs, 0 hits, 0 errors, 0 left on base; Aberdeen 4 - St. Cloud 4 |
| TOP OF THE 12TH |
|
Aberdeen Pheasants batting - Pitching for St. Cloud Rox : LHP Gibson Alba
|
|
Batting: RHB Armando Ramirez
|
0-0: Ball 1-0: Swinging Strike 1-1: Ball 2-1: Ground out 1-3 (Groundball, 13, EV 65.0 MPH)
|
|
Batting: RHB Alejandro Luna
|
0-0: Ball 1-0: Ball 2-0: SINGLE (Groundball, 6MD, EV 96.9 MPH)
|
|
Pinch Hitting: RHB Thomas Masterson
|
0-0: Called Strike 0-1: Ball 1-1: Foul Ball, location: 2F 1-2: Fielders Choice at 2nd, 6-4 (Groundball, 6, EV 93.1 MPH)
|
|
Batting: LHB Rick Leach
|
0-0: Ball 1-0: Foul Ball, location: 2F 1-1: SINGLE (Line Drive, 4MD, EV 101.3 MPH) Thomas Masterson to second
|
|
Batting: RHB Harry McCulla
|
0-0: Swinging Strike 0-1: Ball 1-1: Swinging Strike 1-2: Strikes out swinging
|
| Top of the 12th over - 0 runs, 2 hits, 0 errors, 2 left on base; Aberdeen 4 - St. Cloud 4 |
| BOTTOM OF THE 12TH |
|
St. Cloud Rox batting - Pitching for Aberdeen Pheasants : RHP John Altman
|
|
Now in CF: Diego Martinez
|
|
|
Batting: RHB Ron Gardenhire
|
0-0: Called Strike 0-1: SINGLE (Line Drive, 8LS, EV 109.4 MPH)
|
|
Batting: SHB R J Reynolds
|
0-0: Called Strike 0-1: Ball 1-1: SINGLE (Line Drive, 4M, EV 101.9 MPH) Ron Gardenhire to second
|
|
Batting: LHB Curtis Morgan
|
0-0: Ball 1-0: Fly out, F8 (Flyball, 8LM, EV 91.3 MPH)
|
|
Batting: RHB Domingos Maravilhas
|
0-0: Ball 1-0: Called Strike 1-1: Fly out, F5 (Popup, 5S, EV 80.0 MPH)
|
|
Batting: LHB Tim Flannery
|
0-0: Ball 1-0: Fly out, F7 (Flyball, 78D, EV 97.5 MPH)
|
| Bottom of the 12th over - 0 runs, 2 hits, 0 errors, 2 left on base; Aberdeen 4 - St. Cloud 4 |
| TOP OF THE 13TH |
|
Aberdeen Pheasants batting - Pitching for St. Cloud Rox : LHP Gibson Alba
|
|
Batting: LHB Sergio Leija
|
0-0: Swinging Strike 0-1: Ball 1-1: Ball 2-1: Foul Ball, location: 2F 2-2: Foul Ball, location: 2F 2-2: Ground out 5-3 (Groundball, 5, EV 94.4 MPH)
|
|
Batting: RHB Greg Howe
|
0-0: DOUBLE (Line Drive, 5D, EV 100.0 MPH)
|
|
Batting: RHB Pedro Chavez
|
0-0: SINGLE (Flyball, 9LS, EV 90.6 MPH) Greg Howe to third
|
|
Batting: RHB Mike R Fitzgerald
|
0-0: Foul Ball, location: 2F 0-1: Ball 1-1: Ball 2-1: Foul Ball, location: 2F 2-2: Fly out, F8 (Flyball, 8RS, EV 91.3 MPH)
|
|
Pitching: RHP Scott Terry
|
|
|
Batting: RHB Armando Ramirez
|
0-0: SINGLE (Line Drive, 9LS, EV 96.3 MPH) Greg Howe scores Pedro Chavez to second Runner from 2nd tries for 3rd, SAFE, no throw by RF
|
|
Batting: RHB Alejandro Luna
|
0-0: Ball 1-0: Ball 2-0: Foul Ball, location: 2F 2-1: Ball 3-1: DOUBLE (Line Drive, 9LM, EV 108.8 MPH) Pedro Chavez scores Armando Ramirez to third Runner from 3rd tries for Home, SAFE, throw by RF to home
|
|
Batting: RHB Diego Martinez
|
0-0: Ball 1-0: Called Strike 1-1: Foul Ball, location: 2F 1-2: Foul Ball, location: 2F 1-2: Ball Wild Pitch! Alejandro Luna to third 2-2: Foul Ball, location: 2F 2-2: Strikes out looking
|
| Top of the 13th over - 3 runs, 4 hits, 0 errors, 1 left on base; Aberdeen 7 - St. Cloud 4 |
| BOTTOM OF THE 13TH |
|
St. Cloud Rox batting - Pitching for Aberdeen Pheasants : RHP John Altman
|
|
Batting: SHB Manny Galvez
|
0-0: Swinging Strike 0-1: Fly out, F8 (Flyball, 8RM, EV 84.4 MPH)
|
|
Batting: RHB Jack Hudson
|
0-0: Ball 1-0: Called Strike 1-1: Ball 2-1: Foul Ball, location: 2F 2-2: Fly out, F7 (Line Drive, 7, EV 93.1 MPH)
|
|
Batting: RHB Rich Velasquez
|
0-0: Ball 1-0: Ball 2-0: Ground out 6-3 (Groundball, 6M, EV 86.9 MPH)
|
| Bottom of the 13th over - 0 runs, 0 hits, 0 errors, 0 left on base; Aberdeen 7 - St. Cloud 4 |
|